[Event "ICC Open 2015"]
[Site "Internet Chess Club"]
[Date "2015.05.29"]
[Round "6"]
[White "Supermister"]
[Black "fviana"]
[Result "1-0"]
[ICCResult "Black resigns"]
[WhiteElo "2071"]
[BlackElo "2340"]
[Opening "Sicilian: closed"]
[ECO "B23"]
[NIC "SI.44"]
[Time "15:02:21"]
[TimeControl "180+0"]

1. e4 c5 2. Nc3 g6 3. g3 Bg7 4. d3 Nc6 5. Be3 Nd4 6. Qd2 d6 7. Nd1 f5 8. c3
Nc6 9. Bg2 e5 10. Ne2 Nf6 11. Bh6 O-O 12. O-O Be6 13. Bxg7 Kxg7 14. f4 Qe7
15. Ne3 Rae8 16. fxe5 Nxe5 17. exf5 gxf5 18. Rxf5 Nfg4 19. Rxf8 Rxf8 20.
Nxg4 Bxg4 21. Nf4 Kh8 22. Re1 Qg7 23. d4 Ng6 24. Nxg6+ hxg6 25. dxc5 dxc5
26. Qg5 Bc8 27. Re4 Qf6 28. Qh6+ Kg8 29. Rf4 {Black resigns} 1-0

[Event "ICC Open 2015"]
[Site "Internet Chess Club"]
[Date "2015.05.29"]
[Round "6"]
[White "carlito78"]
[Black "elmonkey"]
[Result "1-0"]
[ICCResult "Black forfeits on time"]
[WhiteElo "1561"]
[BlackElo "1319"]
[Opening "French: advance variation"]
[ECO "C02"]
[NIC "FR.03"]
[Time "15:02:46"]
[TimeControl "180+0"]

1. e4 e6 2. d4 d5 3. e5 c5 4. f4 Nc6 5. Nf3 Bd7 6. c3 cxd4 7. cxd4 Nge7 8.
Bd3 Nb4 9. Nc3 Nxd3+ 10. Qxd3 Nf5 11. Ne2 Qb6 12. O-O Bb5 13. Qd2 Bxe2 14.
Qxe2 Nxd4 15. Nxd4 Qxd4+ 16. Be3 Qb4 17. a3 Qa4 18. Rac1 Be7 19. Rc7 Bd8 20.
Rxb7 O-O 21. Rc1 Bb6 22. Bxb6 axb6 23. Rxb6 Rab8 24. Rxb8 Rxb8 25. Qc2 h6
26. Qxa4 {Black forfeits on time} 1-0

[Event "ICC Open 2015"]
[Site "Internet Chess Club"]
[Date "2015.05.29"]
[Round "6"]
[White "Qualm"]
[Black "El-Flippo"]
[Result "1-0"]
[ICCResult "Black forfeits on time"]
[WhiteElo "1701"]
[BlackElo "1325"]
[Opening "Sicilian: closed"]
[ECO "B24"]
[NIC "SI.44"]
[Time "15:02:03"]
[TimeControl "180+0"]

1. e4 c5 2. Nc3 Nc6 3. g3 e6 4. Bg2 a6 5. Nge2 Qc7 6. a4 Rb8 7. O-O b5 8.
axb5 axb5 9. d4 cxd4 10. Nxd4 b4 11. Ncb5 Rxb5 12. Nxb5 Qb8 13. c4 bxc3 14.
Nxc3 d6 15. e5 Nxe5 16. Ra8 Qc7 17. Nb5 Qd7 18. Na7 Ne7 19. Qc2 Kd8 20. f4
Ng4 21. Bd2 Nd5 22. Ba5+ Ke7 23. Nxc8+ Kf6 24. Bxd5 exd5 25. Bc3+
{Black forfeits on time}
1-0

[Event "ICC Open 2015"]
[Site "Internet Chess Club"]
[Date "2015.05.29"]
[Round "6"]
[White "RdgMx"]
[Black "willempion"]
[Result "1-0"]
[ICCResult "Black resigns"]
[WhiteElo "1854"]
[BlackElo "1078"]
[Opening "Queen's pawn game, Chigorin variation"]
[ECO "D02"]
[NIC "QP.08"]
[Time "15:02:44"]
[TimeControl "180+0"]

1. d4 d5 2. Nf3 Nc6 3. Bf4 Bf5 4. c3 e6 5. e3 Bd6 6. Ne5 Bxe5 7. Bxe5 Nxe5
8. dxe5 f6 9. exf6 Nxf6 10. Nd2 O-O 11. Nf3 Qd6 12. Bd3 Bxd3 13. Qxd3 c5 14.
O-O c4 15. Qc2 Ne4 16. Nd2 Nxd2 17. Qxd2 e5 18. Rad1 d4 19. exd4 exd4 20.
Qxd4 Qxd4 21. Rxd4 b5 22. Rd5 a6 23. Rd6 Rfe8 24. Rfd1 h6 25. g3 Re2 26.
R1d2 Re1+ 27. Kg2 Ra1 28. a3 Re1 29. h4 Ree8 30. Rc6 Re4 31. Rcd6 Re7 32. h5
Re5 33. g4 Re4 34. f3 Re3 35. Rd8+ Re8 36. Rxa8 Rxa8 37. Rd6 Kf7 38. f4 Ke7
39. Rc6 Kd7 40. Rg6 Rf8 41. Rxg7+ Ke6 42. Kf3 Ra8 43. Rg6+ Kf7 44. Rxh6 Kg7
45. Rb6 Rd8 46. Ke2 Rd3 47. Rxa6 Rg3 48. Rg6+ Kh7 49. Kf2 Rh3 50. Rg5 Rh2+
51. Ke3 Rxb2 52. Kd4 Rb3 53. Re5 Rxa3 54. Rxb5 Ra1 55. Kxc4 Rf1 56. Rf5 Rg1
57. g5 Kg7 58. h6+ Kg6 59. Rf6+ Kh5 60. h7 {Black resigns} 1-0

[Event "ICC Open 2015"]
[Site "Internet Chess Club"]
[Date "2015.05.29"]
[Round "6"]
[White "paulohaddad"]
[Black "chessdjw"]
[Result "0-1"]
[ICCResult "White forfeits on time"]
[WhiteElo "1774"]
[BlackElo "2183"]
[Opening "Torre attack (Tartakower variation)"]
[ECO "D03"]
[NIC "QP.06"]
[Time "15:00:53"]
[TimeControl "180+0"]

1. d4 Nf6 2. Nf3 d5 3. Bg5 c5 4. e3 Nc6 5. Nbd2 cxd4 6. exd4 Qb6 7. b3 Nxd4
8. Be3 Nxf3+ 9. Qxf3 Qa5 10. Bd3 e5 11. Qe2 Bd7 12. O-O e4 13. Bd4 Be7 14.
Rfe1 O-O 15. c4 exd3 16. Qxe7 Rfe8 17. b4 Rxe7 18. bxa5 Rxe1+ 19. Rxe1 dxc4
20. Nxc4 Be6 21. Bxf6 gxf6 22. Nb2 d2 23. Rd1 Rd8 24. Kf1 Bxa2 25. Ke2 Kf8
26. Rxd2 Rxd2+ 27. Kxd2 Ke7 28. Kc3 Kd6 29. Kd4 Kc6 30. Ke4 Bb1+ 31. Kd4 Kb5
32. Nc4 Ka6 33. Kc5 Ba2 34. Nd6 Be6 35. Kb4 b6 36. axb6 Kxb6 37. Ne4 a5+ 38.
Ka3 f5 39. Nf6 Kc5 40. Nxh7 Kd4 41. Ng5 Bd7 42. h4 Ke5 43. h5 Kf6 44. h6 Kg6
45. h7 Kg7 46. f4 f6 47. g3 fxg5 48. fxg5 Kxh7 49. Kb3 Kg6 50. Kc4 Kxg5 51.
Kd5 Kg4 {White forfeits on time} 0-1

[Event "ICC Open 2015"]
[Site "Internet Chess Club"]
[Date "2015.05.29"]
[Round "6"]
[White "BORIS-51"]
[Black "Radja"]
[Result "0-1"]
[ICCResult "White forfeits on time"]
[WhiteElo "2047"]
[BlackElo "2422"]
[Opening "Scandinavian defense"]
[ECO "B01"]
[NIC "SD.03"]
[Time "15:00:54"]
[TimeControl "180+0"]

1. e4 d5 2. exd5 Nf6 3. Bb5+ Bd7 4. Bc4 Bg4 5. f3 Bf5 6. Nc3 Nbd7 7. d4 Nb6
8. Bb3 Nbxd5 9. Nxd5 Nxd5 10. a3 e6 11. c4 Nb6 12. Be3 Be7 13. Qd2 O-O 14.
Ne2 c5 15. dxc5 Qxd2+ 16. Kxd2 Rfd8+ 17. Ke1 Nd7 18. c6 bxc6 19. Nd4 Nc5 20.
Ba2 Rac8 21. Nxf5 exf5 22. Ke2 Re8 23. Kd2 Rcd8+ 24. Kc2 Bf8 25. Rhe1 Nd3
26. Bd2 Nxe1+ 27. Rxe1 Rxe1 28. Bxe1 Bd6 29. g3 h5 30. Bf2 a5 31. Bb6 Re8
32. Bxa5 Re2+ 33. Kb3 Rxh2 34. Bc3 Bxg3 35. Bb1 g6 36. a4 Re2 37. a5 Bb8 38.
Bd4 h4 39. Bd3 Rd2 40. Kc3 Rd1 41. a6 Ra1 42. c5 h3 {White forfeits on time}
0-1

[Event "ICC Open 2015"]
[Site "Internet Chess Club"]
[Date "2015.05.29"]
[Round "6"]
[White "born2die"]
[Black "a-man"]
[Result "1-0"]
[ICCResult "Black checkmated"]
[WhiteElo "1705"]
[BlackElo "1457"]
[Opening "KGD: Falkbeer counter-gambit"]
[ECO "C31"]
[NIC "KG.04"]
[Time "15:02:21"]
[TimeControl "180+0"]

1. e4 e5 2. f4 d5 3. d3 dxe4 4. dxe4 Qxd1+ 5. Kxd1 exf4 6. Bxf4 Bg4+ 7. Be2
Bxe2+ 8. Nxe2 c6 9. Nd2 Nd7 10. Nc4 O-O-O 11. Kc1 Bc5 12. c3 Ngf6 13. Ng3
Rhe8 14. Re1 Nd5 15. Bd6 Nc7 16. Kc2 Kb8 17. Rad1 b5 18. Bxc5 Nxc5 19. Nd6
Re6 20. e5 Ne8 21. Nxe8 Rxd1 22. Rxd1 Rxe8 23. Re1 f6 24. b4 Nd7 25. e6 Nf8
26. e7 Nd7 27. Nf5 Kc7 28. Nxg7 Ra8 29. e8=Q Rxe8 30. Nxe8+ Kd8 31. Nd6 Kc7
32. Nf5 Kd8 33. Re6 Ne5 34. Rxf6 Nc4 35. Rxc6 Ne5 36. Ra6 Nd7 37. Rxa7 Kc8
38. a4 bxa4 39. c4 Kb8 40. Rxd7 a3 41. Kb3 Kc8 42. Rxh7 Kd8 43. Kxa3 Ke8 44.
b5 Kf8 45. b6 Ke8 46. b7 Kd8 47. b8=Q# {Black checkmated} 1-0

[Event "ICC Open 2015"]
[Site "Internet Chess Club"]
[Date "2015.05.29"]
[Round "6"]
[White "LittlePeasant"]
[Black "magdykassem"]
[Result "0-1"]
[ICCResult "White checkmated"]
[WhiteElo "2802"]
[BlackElo "1825"]
[Opening "Queen's pawn"]
[ECO "A40"]
[NIC "QO.17"]
[Time "15:01:00"]
[TimeControl "180+0"]

1. d4 e6 2. Nf3 d5 3. c4 Nf6 4. g3 c6 5. Nbd2 Nbd7 6. Bg2 Bd6 7. O-O O-O 8.
Qc2 b6 9. e4 dxe4 10. Nxe4 Nxe4 11. Qxe4 Bb7 12. Rd1 Qc7 13. Ng5 Nf6 14. Qh4
c5 15. dxc5 Bxc5 16. Bf4 e5 17. Bxb7 Rae8 18. Nxh7 Nxh7 19. Be4 Nf6 20. Bg5
Nxe4 21. Qxe4 Bd4 22. Qe2 f5 23. Be3 f4 24. Bxd4 exd4 25. Qd3 fxg3 26. hxg3
Re3 27. Qg6 Re2 28. Rf1 Qxc4 29. Rac1 Rfxf2 30. Qh5 Rxf1+ 31. Rxf1 d3 32.
Rf4 Qc1+ 33. Rf1 Qe3+ 34. Kh1 Qe4+ 35. Rf3 Re1+ 36. Kg2 Qe2+ 37. Rf2 Qxh5
38. Rf4 Qh1+ 39. Kf2 Qg1+ 40. Kf3 Re3+ 41. Kg4 Qxg3+ 42. Kf5 g6+ 43. Kf6
Qxf4+ 44. Kxg6 Re6+ 45. Kh5 Rh6# {White checkmated} 0-1

[Event "ICC Open 2015"]
[Site "Internet Chess Club"]
[Date "2015.05.29"]
[Round "6"]
[White "Tasmaniandevil"]
[Black "Palenque"]
[Result "1-0"]
[ICCResult "Black forfeits on time"]
[WhiteElo "2078"]
[BlackElo "1678"]
[Opening "Pirc defense"]
[ECO "B07"]
[NIC "PU.08"]
[Time "15:01:26"]
[TimeControl "180+0"]

1. e4 d6 2. d4 Nf6 3. Bd3 e5 4. c3 Nbd7 5. Ne2 Be7 6. O-O O-O 7. f4 c5 8. d5
exf4 9. Nxf4 Ne5 10. Be3 Nfg4 11. Qe2 Nxe3 12. Qxe3 Bg5 13. Nd2 g6 14. Rae1
Bf6 15. Bc2 Bg7 16. Qg3 b5 17. Bd1 c4 18. Nf3 Bd7 19. Nd4 Qb6 20. Kh1 Rae8
21. h4 f5 22. exf5 Bxf5 23. Nfe6 Bxe6 24. Nxe6 Rxf1+ 25. Rxf1 Bh8 26. Qf4
Qb8 27. Bg4 a5 28. Ng5 Bg7 29. h5 Rf8 30. Be6+ Kh8 31. Bf7 Nxf7 32. Nxf7+
Kg8 33. hxg6 hxg6 34. Rf3 Qe8 35. Nxd6 Qe1+ 36. Kh2 Be5 37. g3 Bxf4 38. gxf4
Qe7 39. Nxb5 Rf5 40. Nd4 Rh5+ 41. Kg2 Qe4 42. d6 Qd5 43. d7 Qxd7 44. Re3
Qg4+ 45. Rg3 Qxf4 46. Rxg6+ Kh7 47. Rg7+ Kxg7 48. Ne6+ {Black forfeits on
time} 1-0

[Event "ICC Open 2015"]
[Site "Internet Chess Club"]
[Date "2015.05.29"]
[Round "6"]
[White "BillietheKid"]
[Black "budde"]
[Result "1-0"]
[ICCResult "Black checkmated"]
[WhiteElo "1458"]
[BlackElo "1959"]
[Opening "Sicilian: closed"]
[ECO "B23"]
[NIC "SI.44"]
[Time "15:01:59"]
[TimeControl "180+0"]

1. e4 c5 2. Nc3 g6 3. f4 Bg7 4. d3 e6 5. Be3 b6 6. Qd2 Ne7 7. Nf3 O-O 8. Be2
Nbc6 9. O-O-O Nd4 10. g4 a6 11. h4 Bb7 12. h5 f5 13. hxg6 hxg6 14. gxf5 gxf5
15. Ne5 d6 16. Nc4 Kf7 17. Rdg1 Rg8 18. Rh7 Nxe2+ 19. Qxe2 Kf8 20. Qg2 Bxc3
21. Qh2 Bg7 22. Rgxg7 Rxg7 23. Qh6 Ke8 24. Qxg7 Kd7 25. e5 Qf8 26. exd6 Qxg7
27. Rxg7 Kc6 28. Rxe7 Rd8 29. Rxe6 Ba8 30. Ne5+ Kd5 31. Re7 Rxd6 32. c4#
{Black checkmated}
1-0

[Event "ICC Open 2015"]
[Site "Internet Chess Club"]
[Date "2015.05.29"]
[Round "6"]
[White "escorpionx"]
[Black "paraguayo"]
[Result "0-1"]
[ICCResult "White checkmated"]
[WhiteElo "1461"]
[BlackElo "1773"]
[Opening "Queen's bishop game"]
[ECO "D02"]
[NIC "QP.08"]
[Time "15:01:25"]
[TimeControl "180+0"]

1. d4 d5 2. Nf3 Nf6 3. Bf4 e6 4. e3 Be7 5. Be2 O-O 6. Nbd2 Nbd7 7. O-O Re8
8. c3 c5 9. h3 Kf8 10. Re1 Ng8 11. Nf1 f6 12. Bh2 cxd4 13. exd4 Nb6 14. Bd3
g6 15. Ne3 Bd6 16. Qd2 Bxh2+ 17. Kxh2 Kg7 18. Rh1 e5 19. dxe5 fxe5 20. Bc2
Nf6 21. Bb3 Ne4 22. Qc2 Nc5 23. Rhe1 Nxb3 24. axb3 Qf6 25. Rad1 Be6 26. Kg1
Rad8 27. Ng4 Bxg4 28. hxg4 e4 29. Nd4 Rf8 30. Rd2 Nd7 31. b4 Ne5 32. Qd1 Nd3
33. Re3 a6 34. b5 Ne5 35. bxa6 bxa6 36. Rh3 Rd6 37. Qe2 Nc4 38. Rd1 Qg5 39.
g3 Ne5 40. Rh4 Rf3 41. Ra1 Rdf6 42. Rxa6 Rxf2 43. Rxf6 Rxf6 44. Qb5 Qe3+ 45.
Kh1 Rf1+ 46. Kh2 Qf2+ 47. Kh3 Rh1# {White checkmated} 0-1

[Event "ICC Open 2015"]
[Site "Internet Chess Club"]
[Date "2015.05.29"]
[Round "6"]
[White "hangingpawns"]
[Black "manitodeplomo"]
[Result "0-1"]
[ICCResult "White forfeits on time"]
[WhiteElo "2101"]
[BlackElo "2593"]
[Opening "Queen's pawn game"]
[ECO "A61"]
[NIC "QP.07"]
[Time "15:01:08"]
[TimeControl "180+0"]

1. d4 Nf6 2. c4 e6 3. Nc3 c5 4. d5 exd5 5. cxd5 d6 6. Nf3 a6 7. a4 Qe7 8. g3
g6 9. Bg2 Bg7 10. O-O O-O 11. Nd2 Nbd7 12. Nc4 Ne5 13. Nb6 Rb8 14. h3 Nh5
15. a5 f5 16. Ra4 Bd7 17. Nxd7 Qxd7 18. e3 b5 19. axb6 Rxb6 20. Qe2 c4 21.
e4 f4 22. gxf4 Nxf4 23. Bxf4 Rxf4 24. Qe3 Rxb2 25. Qxf4 Nd3 26. Qe3 Bxc3 27.
Rxc4 Be5 28. Qxd3 Qf7 29. Rc8+ Kg7 30. Qf3 Qe7 31. Qg4 h5 32. Qe6 Qg5 33.
Qg8+ Kh6 34. Rc7 Qf4 35. Rh7+ Kg5 36. Qd8+ Bf6 37. Qd7 Be5 38. h4+ Kxh4 39.
Qh3+ Kg5 40. Qg3+ Qxg3 41. fxg3 Bxg3 42. Ra7 Ra2 43. e5 Bxe5 44. Re7 a5 45.
Re6 a4 46. Kh1 a3 47. Be4 Kh4 48. Rxg6 Rh2+ 49. Kg1 a2 50. Rf5 Re2 51. Rf1
a1=Q {White forfeits on time} 0-1

[Event "ICC Open 2015"]
[Site "Internet Chess Club"]
[Date "2015.05.29"]
[Round "6"]
[White "Nakia"]
[Black "dafresh"]
[Result "0-1"]
[ICCResult "White forfeits on time"]
[WhiteElo "1763"]
[BlackElo "2246"]
[Opening "French: Winawer, advance, Bogolyubov variation"]
[ECO "C17"]
[NIC "FR.10"]
[Time "15:01:28"]
[TimeControl "180+0"]

1. e4 e6 2. d4 d5 3. Nc3 Bb4 4. e5 c5 5. Bd2 Ne7 6. Nb5 Bxd2+ 7. Qxd2 O-O 8.
c3 b6 9. Nd6 Ba6 10. Bd3 Bxd3 11. Qxd3 f6 12. f4 Nbc6 13. Nf3 cxd4 14. cxd4
Nf5 15. O-O Nxd6 16. exd6 Qxd6 17. g3 Rac8 18. a3 Rfe8 19. Rae1 Re7 20. Re2
Rce8 21. Rfe1 e5 22. fxe5 fxe5 23. dxe5 Nxe5 24. Nxe5 Rxe5 25. Rxe5 Rxe5 26.
Rf1 Qc5+ 27. Kg2 d4 28. Kg1 Re3 29. Qf5 Qxf5 30. Rxf5 Re2 31. Rd5 Rxb2 32.
Rxd4 a5 33. a4 Kf7 34. Rd7+ Kf6 35. Rd6+ Ke5 36. Rc6 g5 37. Rc7 Ra2 38. Rc6
Rb2 39. Rc7 Rb4 40. Rc6 Ke4 41. Kf2 Rb2+ 42. Kf1 h5 43. h3 h4 44. Rc4+ Kf3
45. gxh4 gxh4 {White forfeits on time} 0-1

[Event "ICC Open 2015"]
[Site "Internet Chess Club"]
[Date "2015.05.29"]
[Round "6"]
[White "Kenajode"]
[Black "Steingrim89"]
[Result "1-0"]
[ICCResult "Black checkmated"]
[WhiteElo "1582"]
[BlackElo "1621"]
[Opening "Queen's pawn game"]
[ECO "A46"]
[NIC "QP.06"]
[Time "15:01:08"]
[TimeControl "180+0"]

1. d4 Nf6 2. Nf3 c5 3. dxc5 g6 4. c4 Bg7 5. Nc3 O-O 6. g3 Qa5 7. Bg2 Qxc5 8.
Nd2 Nc6 9. O-O d6 10. a3 Bf5 11. b4 Qb6 12. Bb2 Rac8 13. Ra2 Rfd8 14. Nd5
Nxd5 15. cxd5 Bxb2 16. Rxb2 Ne5 17. Kh1 Nc4 18. Nxc4 Rxc4 19. Qd2 Rdc8 20.
Qh6 Qd4 21. Rd2 Qg7 22. Qg5 Qe5 23. Qh6 Rd4 24. f4 Qe3 25. Rxd4 Qxd4 26. h3
Be4 27. Qg5 Bxg2+ 28. Kxg2 Qe3 29. Rf2 f6 30. Qg4 f5 31. Qg5 Rc7 32. h4 Qd4
33. h5 Qf6 34. hxg6 Qxg6 35. Qh4 h5 36. Qh3 Qg4 37. Qxg4+ hxg4 38. e3 Rc3
39. e4 fxe4 40. Re2 Rxa3 41. Rxe4 Kf7 42. f5 Rd3 43. Rxg4 Rxd5 44. Rf4 Kf6
45. g4 Kg5 46. Rc4 b5 47. Re4 Kf6 48. Kg3 Rd3+ 49. Kf4 Rc3 50. g5+ Kf7 51.
g6+ Kg7 52. Rxe7+ Kf6 53. Rf7# {Black checkmated} 1-0

[Event "ICC Open 2015"]
[Site "Internet Chess Club"]
[Date "2015.05.29"]
[Round "6"]
[White "Gambit101"]
[Black "Durarbeyli"]
[Result "1/2-1/2"]
[ICCResult "Game drawn because neither player has mating material"]
[WhiteElo "3159"]
[BlackElo "2837"]
[Opening "Ruy Lopez: Cozio defense deferred"]
[ECO "C70"]
[NIC "RL.09"]
[Time "15:01:10"]
[TimeControl "180+0"]

1. e4 e5 2. Nf3 Nc6 3. Bb5 a6 4. Ba4 Nge7 5. O-O g6 6. c3 b5 7. Bc2 Bg7 8.
d4 exd4 9. cxd4 d6 10. Nc3 O-O 11. Bg5 h6 12. Be3 Bg4 13. Qd2 Bxf3 14. gxf3
Kh7 15. Rac1 f5 16. Ne2 Qd7 17. Kh1 fxe4 18. fxe4 Rae8 19. f3 Qh3 20. Ng1
Qh5 21. Bd3 d5 22. Be2 dxe4 23. fxe4 Qh4 24. Bf3 Rxf3 25. Nxf3 Qxe4 26. Rce1
Qd5 27. Qg2 Rd8 28. Bf4 Rd7 29. Ne5 Nxe5 30. Bxe5 Qxa2 31. Bxg7 Kxg7 32. Qf3
Nf5 33. Rg1 Qd5 34. Qxd5 Rxd5 35. Re6 g5 36. Rxa6 Nxd4 37. Rd1 c5 38. Rb6 b4
39. Rb7+ Kg6 40. Kg2 Re5 41. Rd2 Kh5 42. Rf7 Nf5 43. Rd3 Nh4+ 44. Kf1 c4 45.
Rd6 c3 46. bxc3 bxc3 47. Rc6 Re3 48. Rff6 Kg4 49. Rc4+ Kh3 50. Rfc6 Rf3+ 51.
Ke2 Kxh2 52. Rxh4+ Kg3 53. Rhxh6 Rf2+ 54. Ke3 Rf3+ 55. Ke4 Rf4+ 56. Ke5 Rf3
57. Rc5 g4 58. Rhc6 Re3+ 59. Kd4 Re8 60. Rxc3+ Kh4 61. Rg6 Rd8+ 62. Ke5 Re8+
63. Kf6 Rf8+ 64. Kg7 Rf4 65. Rh6+ Kg5 66. Rg6+ Kh4 67. Rf6 Re4 68. Rh6+ Kg5
69. Rg6+ Kf4 70. Rf6+ Ke5 71. Rcc6 Kd4 72. Rce6 g3 73. Rd6+ Ke3 74. Rde6 g2
75. Rxe4+ Kxe4 76. Rg6 Kf3 77. Rxg2 Kxg2
{Game drawn because neither player has mating material}
1/2-1/2

[Event "ICC Open 2015"]
[Site "Internet Chess Club"]
[Date "2015.05.29"]
[Round "6"]
[White "dwg6"]
[Black "RiFlex01"]
[Result "1-0"]
[ICCResult "Black resigns"]
[WhiteElo "2278"]
[BlackElo "2152"]
[Opening "English: Neo-Catalan accepted"]
[ECO "A13"]
[NIC "RE.10"]
[Time "15:02:27"]
[TimeControl "180+0"]

1. c4 e6 2. Nf3 d5 3. g3 Nf6 4. Bg2 dxc4 5. Qa4+ Nbd7 6. Qxc4 a6 7. O-O b5
8. Qb3 Bb7 9. d3 Be7 10. Bf4 O-O 11. Nbd2 Rc8 12. Ne5 Bxg2 13. Kxg2 c5 14.
a4 Nd5 15. axb5 axb5 16. Ra7 Nxf4+ 17. gxf4 Nxe5 18. fxe5 c4 19. Qxb5 Rc5
20. Qd7 cxd3 21. exd3 Rxe5 22. Qxe7 Rg5+ 23. Kh1 Qd5+ 24. f3 Rh5 25. Rc1 h6
26. Qxf8+ {Black resigns} 1-0

[Event "ICC Open 2015"]
[Site "Internet Chess Club"]
[Date "2015.05.29"]
[Round "6"]
[White "HPG1947"]
[Black "MrsPiggy"]
[Result "1-0"]
[ICCResult "Black forfeits on time"]
[WhiteElo "1765"]
[BlackElo "1390"]
[Opening "Mieses opening"]
[ECO "A00"]
[NIC "VO.13"]
[Time "15:01:13"]
[TimeControl "180+0"]

1. d3 d5 2. Nd2 c6 3. e4 dxe4 4. dxe4 Nf6 5. h3 e6 6. Ngf3 Be7 7. Bd3 Nbd7
8. e5 Nd5 9. a3 h6 10. Ne4 b6 11. O-O Bb7 12. c4 Nc7 13. Qe2 Nc5 14. Nxc5
Bxc5 15. b4 Be7 16. Rd1 Qc8 17. Bb2 a5 18. Bc3 a4 19. Rac1 O-O 20. Qe4 g6
21. Qf4 Kg7 22. Be4 Na6 23. Nh2 g5 24. Qf3 Rg8 25. Ng4 Qf8 26. h4 Kh8 27.
Nf6 Bxf6 28. exf6 Rb8 29. Bxc6 Bxc6 30. Qxc6 Rc8 31. Qe4 Nc7 32. h5 Ne8 33.
Be5 {Black forfeits on time} 1-0

[Event "ICC Open 2015"]
[Site "Internet Chess Club"]
[Date "2015.05.29"]
[Round "6"]
[White "knightstar"]
[Black "playwaycool"]
[Result "0-1"]
[ICCResult "White checkmated"]
[WhiteElo "1843"]
[BlackElo "2309"]
[Opening "Vienna: Paulsen variation"]
[ECO "C25"]
[NIC "VG.04"]
[Time "15:01:58"]
[TimeControl "180+0"]

1. e4 e5 2. Nc3 Nc6 3. g3 g6 4. Bg2 Bg7 5. Nge2 Nge7 6. O-O h5 7. h3 h4 8.
g4 d6 9. f4 f5 10. exf5 gxf5 11. g5 e4 12. d3 d5 13. dxe4 fxe4 14. f5 Bxf5
15. Nxd5 Qxd5 16. Qxd5 Nxd5 17. Rxf5 Nce7 18. Bxe4 Nxf5 19. Bxf5 Ne7 20. Be6
Rd8 21. Bf4 c6 22. Re1 Rf8 23. Bc7 Rd2 24. g6 Nxg6 25. Bg4 Ne7 26. Nf4 Bf6
27. Nh5 Bd4+ 28. Kh1 Bf2 29. Re2 Rxe2 30. Bxe2 Nf5 31. Bg4 Ng3+ 32. Nxg3
Bxg3 33. Bxg3 hxg3 34. Kg2 Rf2+ 35. Kxg3 Rxc2 36. h4 Rxb2 37. Be6 Ke7 38.
Bb3 b5 39. Kg4 Kf6 40. h5 c5 41. Bd5 c4 42. Bc6 c3 43. Be4 c2 44. Bxc2 Rxc2
45. h6 Kg6 46. h7 Kxh7 47. a4 bxa4 48. Kf4 Rc5 49. Ke3 a6 50. Kd4 Rb5 51.
Kc4 a3 52. Kc3 a2 53. Kc2 a1=Q 54. Kd2 Qa3 55. Kc2 Rb2+ 56. Kc1 Qa1#
{White checkmated}
0-1

[Event "ICC Open 2015"]
[Site "Internet Chess Club"]
[Date "2015.05.29"]
[Round "6"]
[White "The7thGuest"]
[Black "Lucas"]
[Result "0-1"]
[ICCResult "White resigns"]
[WhiteElo "2053"]
[BlackElo "2541"]
[Opening "Sicilian: Alapin's variation (2.c3)"]
[ECO "B22"]
[NIC "SI.46"]
[Time "15:02:08"]
[TimeControl "180+0"]

1. e4 c5 2. c3 d5 3. exd5 Qxd5 4. d4 Nc6 5. Nf3 e6 6. Be2 Nf6 7. dxc5 Qxd1+
8. Bxd1 Bxc5 9. O-O O-O 10. Bf4 b6 11. Ne5 Nxe5 12. Bxe5 Bb7 13. Nd2 Rfd8
14. Nb3 Be7 15. Be2 Rd5 16. f4 Rad8 17. Bf3 R5d7 18. Bxb7 Rxb7 19. Rfd1 Rbd7
20. Rxd7 Rxd7 21. Bxf6 gxf6 22. a4 f5 23. a5 bxa5 24. Rxa5 Rb7 25. Nd4 Rxb2
26. Rxa7 Bc5 27. Rc7 Bb6 28. Rc8+ Kg7 29. h3 Rc2 30. Rb8 Rc1+ 31. Kf2 Bc7
32. Rb7 Rxc3 33. g3 Kf6 34. Nf3 Rc2+ 35. Kf1 h6 36. Ne5 Bxe5 37. fxe5+ Kxe5
38. Rxf7 Rh2 39. h4 h5 40. Kg1 Ra2 41. Rh7 Ke4 42. Rxh5 e5 43. Rh8 Kf3 44.
Rg8 e4 45. h5 e3 46. h6 e2 47. Re8 Ra1+ 48. Kh2 e1=Q 49. Rxe1 Rxe1 50. h7
Re8 {White resigns} 0-1

[Event "ICC Open 2015"]
[Site "Internet Chess Club"]
[Date "2015.05.29"]
[Round "6"]
[White "PITCHUS"]
[Black "jonpetur"]
[Result "1-0"]
[ICCResult "Black checkmated"]
[WhiteElo "1819"]
[BlackElo "1522"]
[Opening "Réti opening"]
[ECO "A04"]
[NIC "QP.11"]
[Time "15:01:24"]
[TimeControl "180+0"]

1. Nf3 g6 2. g3 Bg7 3. Bg2 Nc6 4. O-O b6 5. c4 Bb7 6. Nc3 e6 7. d4 d6 8. b3
Qd7 9. Bb2 Nge7 10. e4 O-O-O 11. Rc1 f5 12. d5 exd5 13. exd5 Ne5 14. Nxe5
Bxe5 15. Rc2 Rhe8 16. Nb5 Kb8 17. Bxe5 dxe5 18. Rd2 Nxd5 19. Bxd5 c6 20.
Bxc6 Qxd2 21. Qxd2 Rxd2 22. Bxe8 a6 23. Nc3 e4 24. Bf7 e3 25. Bd5 e2 26. Re1
Rc2 27. Nxe2 Rxa2 28. Bxb7 Kxb7 29. Nc3 Rb2 30. Re7+ Kc6 31. Re6+ Kc5 32.
Na4+ Kb4 33. Rxb6+ Ka5 34. c5 Rb1+ 35. Kg2 Rc1 36. Rb7 Rc2 37. Nb6 Kb4 38.
Nd7+ Kc3 39. b4 Kd2 40. Ne5 Ke1 41. Kg1 Rd2 42. c6 Ke2 43. c7 Rd1+ 44. Kg2
Rc1 45. Nd7 Rf1 46. Nc5 Rxf2+ 47. Kh3 g5 48. c8=Q h6 49. Qe6+ Kf1 50. Qxh6
g4+ 51. Kh4 Rxh2+ 52. Kg5 Rxh6 53. Kxh6 Kg2 54. Kg5 Kxg3 55. Kxf5 Kf3 56.
Ne4 g3 57. Nxg3 Kxg3 58. Rb6 Kf3 59. Rxa6 Ke3 60. b5 Kd3 61. b6 Kc4 62. b7
Kb5 63. Ra1 Kb6 64. b8=Q+ Kc6 65. Rc1+ Kd5 66. Qd8# {Black checkmated} 1-0

[Event "ICC Open 2015"]
[Site "Internet Chess Club"]
[Date "2015.05.29"]
[Round "6"]
[White "noyb"]
[Black "HSK"]
[Result "0-1"]
[ICCResult "White resigns"]
[WhiteElo "1576"]
[BlackElo "2247"]
[Opening "King's Indian: orthodox, Aronin-Taimanov, bayonet attack"]
[ECO "E97"]
[NIC "KI.05"]
[Time "15:01:52"]
[TimeControl "180+0"]

1. Nf3 Nf6 2. c4 g6 3. Nc3 Bg7 4. e4 d6 5. d4 O-O 6. Be2 e5 7. O-O Nc6 8. d5
Ne7 9. b4 a5 10. bxa5 Rxa5 11. a4 Nd7 12. Ba3 b6 13. Bb4 Ra8 14. Nb5 f5 15.
Ng5 Nf6 16. f3 Bh6 17. h4 fxe4 18. fxe4 Bxg5 19. hxg5 Nxe4 20. Rxf8+ Qxf8
21. Qf1 c5 22. dxc6 Qxf1+ 23. Bxf1 Nxc6 24. Bxd6 Nxg5 25. c5 bxc5 26. Bxc5
Be6 27. Nc7 Rc8 28. Nxe6 Nxe6 29. Bd6 Rd8 30. Ba3 Ned4 31. Bb2 Kg7 32. a5
Ra8 33. a6 Ra7 34. Ra4 Kf6 35. Ba3 Ke6 36. Bc5 Ra8 37. Bc4+ Kd7 38. a7 Kc7
39. Kf2 Kb7 40. Ke3 Nxa7 41. Ke4 Nac6 42. Rxa8 Kxa8 43. Bd5 Kb7 44. Bg8 h6
45. Bh7 g5 46. Bf8 h5 47. Bg6 h4 48. Bh6 g4 49. Bh5 h3 50. Bxg4 h2
{White resigns}
0-1